 Dungeon Crawl Stone Soup version 0.27.1-34-g3ba077fa99 (webtiles) character file.

Game seed: 16885060565491816292

102566 ticklebelly the Severer (level 15, -1/223 HPs)
             Began as a Minotaur Berserker on Jan 2, 2022.
             Was the Champion of Trog.
             Killed by divine providence
             ... invoked by a meliai
              (11 damage)
             ... on level 4 of the Lair of Beasts on Jan 3, 2022.
             The game lasted 01:28:56 (19653 turns).

ticklebelly the Severer (Minotaur Berserker)       Turns: 19653, Time: 01:28:56

Health: -1/223     AC: 31    Str: 30    XL:     15   Next: 86%
Magic:  14/14      EV:  2    Int:  4    God:    Trog [******]
Gold:   3273       SH:  8    Dex: 14    Spells: 14/14 levels left

rFire    . . .     SeeInvis .   f - +6 broad axe (freeze)
rCold    . . .     Faith    .   c - +2 buckler
rNeg     + + +     Spirit   .   (armour currently unavailable)
rPois    +         Reflect  .   (helmet currently unavailable)
rElec    .         Harm     .   (cloak currently unavailable)
rCorr    .         Rampage  .   (gloves currently unavailable)
Will     +....     NoTele   +   (boots currently unavailable)
Stlth    +.........             q - amulet of regeneration
HPRegen  1.47/turn              h - +6 ring of strength
MPRegen  0.14/turn              w - +4 ring of protection

@: tree-form
A: stationary, stasis, torment immunity, boosted hp, (horns 2), (retaliatory
headbutt)
a: Renounce Religion, Berserk, Trog's Hand, Brothers in Arms


You were on level 4 of the Lair of Beasts.
You worshipped Trog.
Trog was exalted by your worship.
You were a tree.
You visited 5 branches of the dungeon, and saw 23 of its levels.

You collected 3416 gold pieces.
You spent 143 gold pieces at shops.

Inventory:

Hand Weapons
 f - a +6 broad axe of freezing (weapon)
 m - the +8 frozen axe "Frostbite" {freezing cloud, *Noise Fly rC+}
   (You acquired it on level 10 of the Dungeon)

   It freezes those it strikes, dealing additional cold damage.
   It can also slow down cold-blooded creatures.
   It occasionally leaves clouds of freezing vapour upon striking a foe.
   It grants immunity to clouds of freezing vapour.
   rC:        It protects you from cold.
   Fly:       It grants you flight.
   *Noise:    It may make noises in combat.
 s - a +5 broad axe of flaming
 x - a +7 morningstar
Missiles
 y - 40 boomerangs (quivered)
Armour
 c - a +2 buckler (worn)
 L - the +4 pair of gloves "Ebossei" (melded) {-Cast rElec rPois Str+7}
   (You found it on level 9 of the Dungeon)

   Str:       It affects your strength (+7).
   rElec:     It insulates you from electricity.
   rPois:     It protects you from poison.
   -Cast:     It prevents spellcasting.
 M - a +4 plate armour (melded)
 X - a +2 hat (melded)
Jewellery
 h - a +6 ring of strength (left branch)
 q - an amulet of regeneration (around neck)
 t - a ring of willpower
 w - a +4 ring of protection (right branch)
 J - a ring of see invisible
 S - a ring of resist corrosion
 W - the ring "Huvikial" {Dex+4 Slay+4}
   (You acquired it on level 13 of the Dungeon)

   [ring of slaying]

   Dex:       It affects your dexterity (+4).
   Slay:      It affects your accuracy & damage with ranged weapons and melee
   (+4).
Wands
 a - a wand of mindburst (40)
 j - a wand of polymorph (9)
 n - a wand of iceblast (26)
 G - a wand of flame (72)
 H - a wand of acid (17)
Scrolls
 k - 2 scrolls of identify
 o - 5 scrolls of enchant armour
 p - 6 scrolls of teleportation
 r - 2 scrolls of enchant weapon
 v - 2 scrolls of magic mapping {unknown}
 A - a scroll of acquirement
 K - 2 scrolls of brand weapon
 P - a scroll of holy word
 Q - a scroll of fog {unknown}
 U - a scroll of fear
Potions
 b - 2 potions of resistance
 d - a potion of invisibility
 e - a potion of cancellation
 g - 6 potions of haste
 i - 5 potions of lignification
 l - 3 potions of flight
 u - a potion of berserk rage
 C - 2 potions of brilliance
 N - 4 potions of might
 O - 6 potions of ambrosia


   Skills:
 + Level 18.1 Fighting
 + Level 18.1 Axes
 + Level 17.0 Armour
 - Level 9.5 Dodging
 - Level 7.4 Shields


You had 14 spell levels left.
You didn't know any spells.
Your spell library was empty.

Dungeon Overview and Level Annotations

Branches:
Dungeon (13/15)            Temple (0/1) D:7            Lair (6/6) D:10
 Shoals (1/4) Lair:4       Spider (1/4) Lair:4        Slime (0/5) Lair:6
    Orc (2/2) D:11            Elf (0/3) Orc:2
 Vaults: D:13-14

Altars:
Ashenzari
Cheibriados
Elyvilon
Makhleb
Okawaru
Ru
Trog
Wu Jian
Xom
Zin
The Shining One
Beogh

Shops:
D:2 =   D:5 (   Orc:2 ([*:


Innate Abilities, Weirdness & Mutations

You are a tree.
Your roots penetrate the ground, keeping you stationary.
You cannot be teleported.
You are immune to unholy pain and torment.
Your maximum health is greatly increased.
Your equipment is partially melded.
((You have a pair of horns on your head.))
((You reflexively headbutt those who attack you in melee.))


Message History

Your deep troll barely misses the demonic crawler.
Your deep troll claws the demonic crawler! x2
The jumping spider pounces on you but does no damage.
The jumping spider bites you but does no damage.
The wolf spider hits you but does no damage.
The wolf spider bites you!
* * * LOW HITPOINT WARNING * * *
The tarantella bites you but does no damage.
The demonic crawler hits you but does no damage.
The demonic crawler hits you.
* * * LOW HITPOINT WARNING * * *
The demonic crawler hits you but does no damage.
The meliai hits you with a +0 hand axe!
* * * LOW HITPOINT WARNING * * *
The meliai stings you but does no damage.
Your deep troll bites the demonic crawler!!
The demonic crawler dies!
Trog accepts your kill. You block the jumping spider's attack.
The jumping spider bites you but does no damage.
The wolf spider hits you.
* * * LOW HITPOINT WARNING * * *
The wolf spider bites you but does no damage.
The meliai invokes the aid of its god against you.
Something smites you!
* * * LOW HITPOINT WARNING * * *
You block the tarantella's attack.
Your deep troll evades a web.
The jumping spider barely misses you.
The jumping spider bites you but does no damage.
The wolf spider hits you but does no damage.
The wolf spider barely misses you. The meliai hits you with a +0 hand axe.
* * * LOW HITPOINT WARNING * * *
The meliai hits your deep troll with a +0 hand axe.
The meliai stings you but does no damage.
The tarantella bites you but does no damage.
You feel better.
The meliai mumbles some strange prayers to its god against you.
Something smites you!
You die...

.....#..#........###..##
....#..##..............#
.......##........P.##..#
.....#.##.....^........#
.......##...^.^.^^.....#
....##.##...^..........#
.....##.#..........^...##
.+..#####....^.yT†^^...P#
..### ##.....s♣...^^..#
..# ##^.^^s^s.^^^.## ..#
##.^.^^^.^^..^## #.#
#####......^......#
..###P##.......^^^....##
......#........^^^.....#
#.##...+..........#P.###
..#####..........#####
...# ##.........#


You could see a wolf spider, a jumping spider, a tarantella (ally target), a
meliai and a friendly deep troll (summoned, berserk).

Vanquished Creatures
  An orc warlord (Orc:2)
  An emperor scorpion (Lair:4)
  A deep elf elementalist (Orc:1)
  A stone giant (Orc:1)
  A deep elf demonologist (Orc:1)
  An entropy weaver (Lair:4)
  The ghost of belegose the Covert, a journeyman KoBe of Trog (Lair:1)
  A merfolk impaler (Orc:1)
  7 hydras
  3 boulder beetles
  4 centaur warriors
  The ghost of zeram the Eclecticist, a journeyman DECj of Gozag (Orc:1)
  9 two-headed ogres
  An alligator (Lair:6)
  3 death yaks
  2 tengu warriors
  Urug (D:13)
  3 orc high priests (Orc:2)
  Sonja (Lair:1)
  A deep troll (Orc:1)
  10 orc knights
  Pikel (D:9)
  A deep elf zephyrmancer (Orc:1)
  2 deep elf pyromancers
  An ugly thing (D:13)
  2 wolf spiders (Lair:4)
  6 orc sorcerers (Orc:2)
  A cyclops (D:13)
  A manticore (D:13)
  17 elephants
  2 moths of wrath (Orc:1)
  2 black mambas
  3 merfolk sirens (Lair:4)
  A torpor snail (Lair:3)
  12 cane toads
  The ghost of CoveEight the Chiller, a novice MfIE (D:5)
  3 demonic crawlers (Lair:4)
  6 komodo dragons
  A merfolk (Lair:4)
  10 trolls
  A queen bee (Lair:4)
  8 polar bears
  A silent spectre (Orc:1)
  3 meliai (Lair:4)
  6 hornets (Lair:6)
  5 blink frogs
  12 dream sheep
  3 tarantellas (Lair:4)
  10 redbacks (Lair:4)
  Sigmund (D:6)
  13 spriggans (Lair:6)
  A water elemental (D:11)
  A vampire (D:10)
  4 wyverns
  2 steam dragons
  66 yaks
  6 wraiths
  8 basilisks
  6 vampire mosquitoes
  Menkaure (D:6)
  4 wargs
  12 water moccasins
  Duvessa (D:6)
  46 orc warriors
  3 ice beasts (D:8)
  6 ogres
  5 black bears
  A necrophage (D:6)
  27 wolves
  3 boggarts (Lair:6)
  4 centaurs
  A phantom (D:5)
  14 bullfrogs
  2 scorpions
  Dowan (D:6)
  A wyvern zombie (D:6)
  A water moccasin skeleton (D:5)
  30 killer bees
  13 wights
  2 electric eels
  A lava snake (D:10)
  A bullfrog zombie (D:6)
  3 centaur zombies
  4 jellies (Lair:6)
  3 hounds (D:5)
  2 bullfrog skeletons (D:5)
  32 orc priests
  An iguana (D:6)
  A scorpion zombie (D:5)
  33 orc wizards
  A hound skeleton (D:4)
  8 gnolls
  A howler monkey skeleton (D:7)
  6 adders
  A shadow imp (D:6)
  2 white imps
  A howler monkey simulacrum (D:8)
  2 ufetubi
  2 worms
  4 dart slugs
  92 orcs
  7 endoplasms
  2 giant cockroaches
  5 goblins
  11 hobgoblins
  5 jackals
  A quokka (D:2)
  9 ball pythons
  3 bats (D:1)
  3 frilled lizards
  5 kobolds
  A quokka skeleton (D:4)
  4 rats (D:1)
719 creatures vanquished.

Vanquished Creatures (collateral kills)
  A deep elf elementalist (Orc:1)
  A deep elf demonologist (Orc:1)
  A boulder beetle (D:11)
  3 death yaks (Lair:5)
  2 deep elf pyromancers (Orc:1)
  2 wolf spiders (Lair:4)
  A cane toad (Lair:5)
  A demonic crawler (Lair:4)
  A redback (Lair:4)
  A water moccasin (Lair:5)
  An orc warrior (Orc:2)
  9 orcs
24 creatures vanquished.

Vanquished Creatures (others)
  An orc wizard (Orc:2)
  An orc (D:8)
  8 demonic plants (D:2)
  32 fungi
  30 plants
  3 withered plants (D:2)
75 creatures vanquished.

Grand Total: 818 creatures vanquished

Notes
Turn   | Place    | Note
-------+----------+-------------------------------------------
     0 | D:1      | ticklebelly the Minotaur Berserker began the quest for the
                  | Orb.
     0 | D:1      | Reached XP level 1. HP: 19/19 MP: 0/0
   207 | D:1      | Reached XP level 2. HP: 26/27 MP: 1/1
   328 | D:1      | Reached skill level 1 in Shields
   573 | D:2      | Reached XP level 3. HP: 33/33 MP: 2/2
   655 | D:2      | Reached ** piety under Trog
   661 | D:2      | Found a faded altar of an unknown god.
   773 | D:2      | Reached XP level 4. HP: 17/40 MP: 3/3
  1512 | D:2      | Found Zupho's Jewellery Emporium.
  2684 | D:4      | Reached XP level 5. HP: 47/47 MP: 4/4
  3295 | D:4      | Noticed an ogre
  3303 | D:4      | Killed an ogre
  3304 | D:4      | Reached skill level 5 in Axes
  3304 | D:4      | Reached XP level 6. HP: 32/55 MP: 5/5
  3351 | D:4      | Reached skill level 5 in Fighting
  3795 | D:5      | Entered Level 5 of the Dungeon
  3811 | D:5      | Found Jonejaim's Antique Weapon Boutique.
  3819 | D:5      | Bought a glowing war axe for 143 gold pieces
  3824 | D:5      | Found a glowing silver altar of Zin.
  3840 | D:5      | Found an ornate altar of the Wu Jian Council.
  3919 | D:5      | Reached XP level 7. HP: 61/61 MP: 6/6
  4051 | D:5      | Found a runed translucent gate.
  4051 | D:5      | Found a runed translucent gate.
  4051 | D:5      | Found a runed translucent gate.
  4051 | D:5      | Noticed CoveEight's ghost (novice MfIE)
  4084 | D:5      | Killed CoveEight's ghost
  4084 | D:5      | Reached *** piety under Trog
  4085 | D:5      | Reached skill level 5 in Armour
  4100 | D:5      | Reached skill level 5 in Dodging
  4261 | D:5      | Reached XP level 8. HP: 70/70 MP: 7/7
  4262 | D:5      | Identified the +0 cloak of the Leaf {rPois rCorr Str-5
                  | Int+8}
  4755 | D:6      | Noticed Sigmund
  4769 | D:6      | Killed Sigmund
  4798 | D:6      | Found an iron altar of Okawaru.
  4903 | D:6      | Noticed Duvessa
  4903 | D:6      | Noticed Dowan
  4923 | D:6      | Killed Duvessa
  4926 | D:6      | Killed Dowan
  4998 | D:6      | Reached XP level 9. HP: 69/79 MP: 8/8
  5042 | D:6      | Noticed Menkaure
  5048 | D:6      | Killed Menkaure
  5173 | D:6      | Reached **** piety under Trog
  5551 | D:7      | Found a broken altar of Ashenzari.
  5650 | D:7      | Found a staircase to the Ecumenical Temple.
  6049 | D:8      | Reached ***** piety under Trog
  6050 | D:8      | Reached XP level 10. HP: 77/91 MP: 9/9
  6072 | D:8      | Found a burning altar of Makhleb.
  6075 | D:8      | Found a bloodstained altar of Trog.
  6078 | D:8      | Found a white marble altar of Elyvilon.
  6089 | D:8      | Found a shimmering altar of Xom.
  7032 | D:9      | Noticed Pikel
  7041 | D:9      | Killed Pikel
  7042 | D:9      | Reached skill level 5 in Shields
  7121 | D:9      | Found a glowing golden altar of the Shining One.
  7132 | D:9      | Identified the +4 pair of gloves "Ebossei" {-Cast rElec
                  | rPois Str+7}
  7479 | D:9      | Found a sacrificial altar of Ru.
  7650 | D:10     | Entered Level 10 of the Dungeon
  7723 | D:10     | Noticed a death yak
  7726 | D:10     | Noticed a death yak
  7730 | D:10     | Noticed a death yak
  7734 | D:10     | Killed a death yak
  7735 | D:10     | Reached skill level 10 in Axes
  7742 | D:10     | Killed a death yak
  7743 | D:10     | Reached skill level 10 in Fighting
  7743 | D:10     | Reached skill level 10 in Armour
  7798 | D:9      | Killed a death yak
  7799 | D:9      | Reached XP level 11. HP: 82/100 MP: 10/10
  7840 | D:10     | Found a staircase to the Lair.
  7856 | D:10     | Noticed a two-headed ogre
  7861 | D:10     | Killed a two-headed ogre
  7991 | D:10     | Received a gift from Trog
  8298 | D:10     | Found a snail-covered altar of Cheibriados.
  8410 | D:10     | Noticed a two-headed ogre
  8415 | D:10     | Killed a two-headed ogre
  8617 | Lair:1   | Entered Level 1 of the Lair of Beasts
  8677 | D:10     | Identified 2 scrolls of acquirement
  8677 | D:10     | Acquired the +8 frozen axe "Frostbite" {freezing cloud,
                  | *Noise Fly rC+}
  8677 | D:10     | Found the +8 frozen axe "Frostbite" {freezing cloud, *Noise
                  | Fly rC+}
  8890 | Lair:1   | Found a runed translucent door.
  8890 | Lair:1   | Noticed belegose's ghost (journeyman KoBe)
  8907 | Lair:1   | Killed belegose's ghost
  9000 | Lair:1   | Noticed a six-headed hydra
  9010 | Lair:1   | Killed an eight-headed hydra
  9089 | Lair:1   | Noticed Sonja
  9231 | Lair:1   | Killed Sonja
  9303 | Lair:2   | Reached XP level 12. HP: 112/112 MP: 11/11
  9323 | Lair:2   | Noticed an eight-headed hydra
  9328 | Lair:2   | Killed an eight-headed hydra
 10181 | Lair:3   | Received a gift from Trog
 10202 | Lair:3   | You fall into a shaft and drop 1 floor!
 10217 | Lair:4   | Found a staircase to the Shoals.
 10508 | Lair:4   | Reached XP level 13. HP: 124/124 MP: 12/12
 11273 | Lair:4   | Found a hole to the Spider Nest.
 11834 | Lair:5   | Reached skill level 15 in Axes
 11835 | Lair:5   | Reached skill level 15 in Fighting
 12364 | Lair:6   | Entered Level 6 of the Lair of Beasts
 12375 | Lair:6   | Found a staircase to the Slime Pits.
 12636 | Lair:6   | Acquired 427 gold pieces
 12647 | Lair:6   | Acquired 875 gold pieces
 12667 | Lair:6   | Received a gift from Trog
 12771 | Lair:6   | Reached XP level 14. HP: 135/135 MP: 13/13
 12868 | Lair:6   | Reached ****** piety under Trog
 13667 | D:11     | Received a gift from Trog
 13727 | D:11     | Found a staircase to the Orcish Mines.
 14814 | D:12     | Reached skill level 15 in Armour
 15565 | D:13     | Acquired the ring "Huvikial" {Dex+4 Slay+4}
 15828 | D:13     | Noticed Urug
 15834 | D:13     | Killed Urug
 16248 | Orc:1    | Entered Level 1 of the Orcish Mines
 16253 | Orc:1    | Received a gift from Trog
 16271 | Orc:1    | Found a runed translucent gate.
 16271 | Orc:1    | Found a runed translucent gate.
 16271 | Orc:1    | Found a runed translucent gate.
 16275 | Orc:1    | Found a burning altar of Makhleb.
 16275 | Orc:1    | Noticed zeram's ghost (journeyman DECj)
 16288 | Orc:1    | Found an iron altar of Okawaru.
 16295 | Orc:1    | Killed zeram's ghost
 16837 | Orc:1    | Found a transporter.
 16851 | Orc:1    | Found a transporter.
 16851 | Orc:1    | Found a runed translucent door.
 16851 | Orc:1    | Found a bloodstained altar of Trog.
 16851 | Orc:1    | Noticed a stone giant
 16851 | Orc:1    | Found the +8 Wrath of Trog {antimagic, *Rage Rampage}
 16873 | Orc:1    | Killed a stone giant
 16903 | Orc:1    | Noticed a deep elf elementalist
 17006 | Orc:1    | Reached XP level 15. HP: 146/146 MP: 14/14
 17153 | Orc:1    | Identified the +1 chain mail of Plog {-Cast Rampage rPois
                  | SInv}
 17189 | Orc:1    | Identified the +10 demon trident "Buyquv" {drain, rN++
                  | Will+ Str+3}
 17560 | Orc:2    | Entered Level 2 of the Orcish Mines
 17687 | Orc:2    | Paralysed by an orc sorcerer for 3 turns
 18216 | Orc:2    | Received a gift from Trog
 18316 | Orc:2    | Noticed an orc warlord
 18356 | Orc:2    | Killed an orc warlord
 18641 | Orc:2    | Found a staircase to the Elven Halls.
 18778 | Orc:2    | Found Ovurix's General Store.
 18779 | Orc:2    | Found Pumm's Book Shoppe.
 18781 | Orc:2    | Found Reacaudisch's Antique Armour Emporium.
 18781 | Orc:2    | Found Zous's Antique Weapon Emporium.
 18800 | Orc:2    | Paralysed by an orc sorcerer for 2 turns
 19235 | Shoals:1 | Entered Level 1 of the Shoals
 19382 | Spider:1 | Entered Level 1 of the Spider Nest
 19456 | Lair:4   | HP: 7/149 [poisoned by a wolf spider]
 19652 | Lair:4   | HP: 6/223 [meliai/divine providence (13)]
 19653 | Lair:4   | Killed from afar by a meliai

Illustrated notes

Levels and vault maps discovered:
D:1:      dpeg_arrival_rooms_c, layout_basic, minmay_tetromino_s4
D:2:      layout_basic, shapermc_ecumenical_altar_gd, serial_shops,
          nicolae_shop_behind_doors, kennysheep_generic_room_13
D:3:      layout_loops_ring
D:4:      layout_loops_corners, chequers_serial_rivers_micro_d
D:5:      layout_loops_ring, mainiacjoe_overflow_catch_the_wave, serial_shops,
          shop, biasface_ghost_orc_armoury, serial_park_tiny_1
D:6:      layout_gridville, okawaru_altar_gauntlet_db, uniq_menkaure,
          uniq_duvessa, uniq_sigmund
D:7:      layout_rooms, mainiacjoe_overflow_cross_hatched,
          minmay_temple_entry_purple_smoke
D:8:      layout_layer_cave, grunt_temple_overflow_cloverleaf, serial_ice,
          serial_ice_b, serial_ice_f, serial_ice_n, serial_ice_g,
          dk_noncrumbling_3
D:9:      layout_loops_corners, tso_metal_star, lemuel_tele_altar, uniq_pikel
D:10:     layout_loops_ring, mainiacjoe_overflow_six_doors_small,
          dpeg_lair_monsters, kennysheep_cross_bottleneck
D:11:     layout_loops_ring, erik_orc_2
D:12:     layout_loops_cross
D:13:     layout_layer_cave, kennysheep_nondescript, uniq_urug
Lair:1:   layout_concentric_octagons, gammafunk_ghost_grave,
          nicolae_quartered_pool_medium, uniq_harold, uniq_sonja, uniq_joseph
Lair:2:   layout_misc_corridors, st_stairs_10, minivault_26, lemuel_fruit_tree,
          grunt_megastairs_1, infiniplex_staircase_pool_2
Lair:3:   layout_long_grid
Lair:4:   layout_roguey [special_room_bee], elwin_shoals_entry_stream,
          spider_nest_entry_web_field
Lair:5:   layout_long_grid
Lair:6:   minmay_lair_end_enchanted_forest, layout_loops_ring,
          nicolae_slime_entry_slimehenge
Shoals:1: layout_shoals, ebering_ghost_gozag
Spider:1: layout_spider_delve, drop_trap, nicolae_spider_undead_wolf_pack,
          hangedman_spider_tarantella_strand
Orc:1:    emtedronai_trogs_sanctum, layout_diamond_mine,
          gammafunk_ghost_fury_of_okawaru, bloody_makhleb
Orc:2:    st_orc_congregation, layout_caves, basic_altar

Skill      XL: |  1  2  3  4  5  6  7  8  9 10 11 12 13 14 15 |
---------------+----------------------------------------------+-----
Shields        | 1 2 3 4 6 7 |  7.4
Fighting       | 4 5 6 7 9 10 12 14 15 16 18 | 18.1
Axes           | 4 5 6 7 9 10 12 14 15 17 18 | 18.1
Armour         | 3 4 5 7 8 10 12 14 15 17 | 17.0
Dodging        | 3 4 5 6 7 9 |  9.5

Action                   |  1- 3 |  4- 6 |  7- 9 | 10-12 | 13-15 || total
-------------------------+-------+-------+-------+-------+-------++-------
Melee: Hand axe          |    85 |   118 |       |       |       ||   203
       Headbutt          |    15 |    28 |    57 |   102 |   243 ||   445
       War axe           |       |     9 |   219 |   164 |       ||   392
       Broad axe         |       |       |       |   239 |   749 ||   988
       Morningstar       |       |       |       |     5 |    14 ||    19
       Executioner's axe |       |       |       |       |     1 ||     1
Throw: Boomerang         |       |       |     5 |       |    20 ||    25
Invok: Berserk           |     1 |       |     1 |     1 |       ||     3
       Trog's Hand       |       |     1 |     1 |     1 |     5 ||     8
       Brothers in Arms  |       |       |       |     1 |     8 ||     9
Evoke: Wand              |       |       |       |       |     9 ||     9
  Use: Scroll            |       |       |       |    15 |    14 ||    29
       Potion            |       |       |       |       |     4 ||     4
Armor: Chain mail        |    23 |       |       |       |       ||    23
       Animal skin       |     2 |       |       |       |       ||     2
       Plate armour      |    38 |    62 |   131 |   265 |   522 ||  1018
       Skin              |       |       |       |       |    31 ||    31
Dodge: Dodged            |    31 |    37 |   115 |   172 |   428 ||   783
Block: Buckler           |    28 |    35 |    65 |   136 |   282 ||   546
